 Dungeon Crawl Stone Soup version bcrawl-1.39.1 (webtiles) character file.

Game seed: 8081138654553300892

370287 Finalfun the Covert (level 10, -3/76 HPs)
             Began as a Gnoll Archaeologist on Sept 23, 2023.
             Was an Initiate of Gozag.
             Killed from afar by an electric eel (8 damage)
             ... with a bolt of electricity
             ... on level 8 of the Dungeon.
             The game lasted 00:22:05 (7567 turns).

Finalfun the Covert (Gnoll Archaeologist)           Turns: 7567, Time: 00:22:05

Health: -3/76      AC: 10    Str: 14    XL:     10   Next: 93%
Magic:  18/18      EV: 17    Int: 17    God:    Gozag
Gold:   392        SH:  0    Dex: 20    Spells: 20/20 levels left

rFire    + . .     GDR:     35% a - +2 battleaxe (chop)
rCold    . . .     SeeInvis .   (shield currently unavailable)
rNeg     + + .     Gourm    .   J - +0 ring mail of Submission {rPois MR+ Dex+3}
rPois    +         Faith    .   d - +1 hat
rElec    .         Spirit   .   (no cloak)
rCorr    .         Reflect  .   C - +0 pair of gloves "Sofiy" {rN++ Str-3 Dex+4} (curse)
MR       ++...                  n - +1 pair of boots
Stlth    ++++......             (no amulet)
HPRegen  0.22/turn              A - ring of protection from fire
MPRegen  0.16/turn              c - ring of protection from magic

@: gold aura
A: distributed training, fangs 1, strong nose
a: Potion Petition, Call Merchant, Bribe Branch, Renounce Religion


You were on level 8 of the Dungeon.
You worshipped Gozag.
Gozag was aware of your devotion.
You were hungry.

You visited 1 branch of the dungeon, and saw 8 of its levels.

You collected 1557 gold pieces.
You paid 1165 gold pieces to Gozag.

Inventory:

Hand Weapons
 a - a +2 battleaxe of chopping (weapon)
 b - a +0 blowgun
 y - a +2 flail of crushing
Missiles
 j - 159 poisoned tomahawks (quivered)
 q - 1375 arrows
 t - 637 stones
 G - 131 poisoned needles
Armour
 d - a +1 hat (worn)
 n - a +1 pair of boots (worn)
 B - a +0 chain mail of fire resistance
 C - the cursed +0 pair of gloves "Sofiy" (worn) {rN++ Str-3 Dex+4}
   (You found it on level 5 of the Dungeon)

   It affects your strength (-3).
   It affects your dexterity (+4).
   It greatly protects you from negative energy.
   It has a curse placed upon it.
 J - the +0 ring mail of Submission (worn) {rPois MR+ Dex+3}
   (You found it on level 7 of the Dungeon)

   It affects your dexterity (+3).
   It protects you from poison.
   It affects your resistance to hostile enchantments.
Jewellery
 c - a ring of protection from magic (right hand)
 o - an uncursed ring of poison resistance
 A - a ring of protection from fire (left hand)
 F - an uncursed ring of magical power
Wands
 w - a wand of charming (10)
 x - a wand of disintegration (1)
 D - a wand of random effects (7)
 E - a wand of polymorph (25)
 I - a wand of clouds (3)
 K - a wand of flame (27)
Scrolls
 g - 2 scrolls of revelation
 i - 4 scrolls of identify
 k - 7 scrolls of remove curse
 l - 4 scrolls of blinking
 m - 4 scrolls of teleportation
 p - a scroll of enchant armour
 r - 3 scrolls of fear
 u - 2 scrolls of amnesia
 v - a scroll of noise
 L - a scroll of fog {unknown}
Potions
 f - a potion of lignification
 s - 2 potions of cancellation
 z - a potion of magic
 H - a potion of curing
Miscellaneous
 h - a phial of floods
Comestibles
 e - 5 rations {!d}


   Skills:
 + Level 6.2 Fighting
 + Level 5.6 Short Blades
 + Level 5.6 Long Blades
 + Level 5.6 Axes
 + Level 6.2 Maces & Flails
 + Level 5.6 Polearms
 + Level 5.6 Staves
 + Level 5.6 Slings
 + Level 5.6 Bows
 + Level 5.6 Crossbows
 + Level 5.6 Throwing
 + Level 5.6 Armour
 + Level 8.7 Dodging
 + Level 8.7 Stealth
 + Level 5.6 Shields
 + Level 5.6 Unarmed Combat
 + Level 5.6 Spellcasting
 + Level 4.6 Conjurations
 + Level 4.6 Hexes
 + Level 4.6 Charms
 + Level 4.6 Summonings
 + Level 4.6 Necromancy
 + Level 4.6 Translocations
 + Level 4.6 Transmutations
 + Level 4.6 Fire Magic
 + Level 4.6 Ice Magic
 + Level 4.6 Air Magic
 + Level 4.6 Earth Magic
 + Level 4.6 Poison Magic
 + Level 6.2 Invocations
 + Level 5.6 Evocations


You had 20 spell levels left.
You didn't know any spells.
Your spell library was empty.

Dungeon Overview and Level Annotations

Branches:
Dungeon (8/12)             Temple (0/1) D:6             Orc (0/1) D:8
   Lair: D:7-9

Altars:
Cheibriados
Dithmenos
Elyvilon
Gozag
Hepliaklqana
Makhleb
Nemelex Xobeh
Okawaru
Ru
Sif Muna
Xom
Yredelemnul

Shops:
D:7 *


Innate Abilities, Weirdness & Mutations

Your experience applies equally to all skills.
You have very sharp teeth.
Your uncanny sense of smell can sniff out nearby items.


Message History

You are too injured to fight recklessly!
You are too injured to fight recklessly!
You are too injured to fight recklessly!
You slash the electric eel!
The electric eel is almost dead.
The electric eel shoots out a bolt of lightning at you!
The bolt of electricity misses you.
The electric eel shoots out a bolt of lightning at you!
The bolt of electricity hits you!
* * * LOW HITPOINT WARNING * * *
You slice the electric eel!!
You kill the electric eel!
You hear a splash.
You hit the sky beast.
Snnnck.
The sky beast flickers out of sight!
Deactivating autopickup; reactivate with Ctrl-A.
Something hits you but does no damage.
The electric eel shoots out a bolt of lightning at you!
The bolt of electricity hits you!
You die...
Your body crumbles into a pile of gold.

≈≈≈# ≈≈≈## #≈≈≈###
###≈≈≈≈≈###
#####≈;≈≈≈≈≈≈≈#
.....≈≈≈≈≈≈≈≈≈≈≈≈#
........$≈≈≈≈≈≈..#
......{@.≈≈≈≈≈...#
..........≈......#
#.....#..####...#
..###....####...#
#...........#.#.##
#####.#..#......#
#......#..#.### #..
####.#........###..
#.###....#......


You could see an electric eel.

Vanquished Creatures
  A komodo dragon (D:8)
  3 trolls
  Grinder (D:6)
  A vampire (D:5)
  2 steam dragons (D:5)
  Edmund (D:4)
  A hungry ghost (D:8)
  A warg (D:8)
  A crocodile (D:6)
  A water moccasin (D:6)
  An orc warrior (D:8)
  A sky beast (D:6)
  4 ice beasts
  A hornet zombie (D:8)
  A black bear (D:8)
  4 phantoms
  An ogre (D:4)
  Blork the orc (D:4)
  A bullfrog (D:5)
  A gnoll sergeant (D:6)
  5 centaurs
  7 scorpions
  A water moccasin zombie (D:7)
  4 killer bees
  8 wights
  A howler monkey (D:6)
  9 orc priests
  An electric eel (D:8)
  7 crimson imps
  2 bullfrog zombies
  2 jellies (D:8)
  A gnoll shaman (D:8)
  2 bullfrog skeletons (D:5)
  A hound (D:6)
  Ijyb (D:5)
  4 iguanas
  7 orc wizards
  4 worker ants
  Terence (D:3)
  A hound skeleton (D:6)
  12 gnolls
  6 adders
  A shadow imp (D:7)
  An ooze (D:3)
  3 adder skeletons
  An adder zombie (D:5)
  6 worms
  3 leopard geckos (D:2)
  50 orcs
  A giant cockroach (D:2)
  8 goblins
  4 hobgoblins
  20 jackals
  7 kobolds
  2 quokkas
  3 ball pythons
  16 bats
  2 frilled lizards (D:2)
  A jackal zombie (D:5)
  A quokka skeleton (D:4)
  4 rats
  A fungus (D:5)
251 creatures vanquished.

Vanquished Creatures (collateral kills)
  An orc (D:3)
  A giant cockroach (D:3)
  A kobold (D:3)
3 creatures vanquished.

Vanquished Creatures (others)
  4 fungi (D:4)
  A plant (D:4)
5 creatures vanquished.

Grand Total: 259 creatures vanquished

Notes
Turn   | Place    | Note
-------+----------+-------------------------------------------
     0 | D:1      | Finalfun the Gnoll Archaeologist began the quest for the
                  | Orb.
     0 | D:1      | Reached XP level 1. HP: 17/17 MP: 1/1
   144 | D:1      | Reached XP level 2. HP: 23/23 MP: 2/2
   569 | D:1      | Reached XP level 3. HP: 28/28 MP: 3/3
   809 | D:2      | Reached skill level 1 in Invocations
  1037 | D:2      | Reached skill level 1 in Short Blades
  1037 | D:2      | Reached skill level 1 in Long Blades
  1037 | D:2      | Reached skill level 1 in Axes
  1037 | D:2      | Reached skill level 1 in Polearms
  1037 | D:2      | Reached skill level 1 in Staves
  1037 | D:2      | Reached skill level 1 in Slings
  1037 | D:2      | Reached skill level 1 in Bows
  1037 | D:2      | Reached skill level 1 in Crossbows
  1037 | D:2      | Reached skill level 1 in Throwing
  1037 | D:2      | Reached skill level 1 in Armour
  1037 | D:2      | Reached skill level 1 in Shields
  1037 | D:2      | Reached skill level 1 in Unarmed Combat
  1037 | D:2      | Reached skill level 1 in Spellcasting
  1037 | D:2      | Reached skill level 1 in Evocations
  1166 | D:2      | Reached XP level 4. HP: 31/34 MP: 5/5
  1694 | D:3      | Reached skill level 1 in Conjurations
  1694 | D:3      | Reached skill level 1 in Hexes
  1694 | D:3      | Reached skill level 1 in Charms
  1694 | D:3      | Reached skill level 1 in Summonings
  1694 | D:3      | Reached skill level 1 in Necromancy
  1694 | D:3      | Reached skill level 1 in Translocations
  1694 | D:3      | Reached skill level 1 in Transmutations
  1694 | D:3      | Reached skill level 1 in Fire Magic
  1694 | D:3      | Reached skill level 1 in Ice Magic
  1694 | D:3      | Reached skill level 1 in Air Magic
  1694 | D:3      | Reached skill level 1 in Earth Magic
  1694 | D:3      | Reached skill level 1 in Poison Magic
  1694 | D:3      | Reached XP level 5. HP: 16/40 MP: 5/7
  1694 | D:3      | Identified a scroll of acquirement
  1811 | D:2      | Identified the +2 pair of gloves of Objectivity {rC- Int+8
                  | Dex+3} (You acquired it on level 2 of the Dungeon)
  1811 | D:2      | Identified the ring of Xom's Passing Interest {*Corrode rN+
                  | EV+3 Int+5} (You acquired it on level 2 of the Dungeon)
  1963 | D:3      | Noticed Terence
  2129 | D:3      | Reached XP level 6. HP: 47/47 MP: 8/8
  2141 | D:3      | Killed Terence
  2249 | D:3      | Found a shimmering altar of Xom.
  2631 | D:4      | Noticed Blork the orc
  2641 | D:4      | Killed Blork the orc
  2782 | D:4      | Got a twitching ruby amulet
  2787 | D:4      | Identified the amulet "Reobisak" {Inacc SInv} (You found it
                  | on level 4 of the Dungeon)
  2825 | D:4      | Reached XP level 7. HP: 34/52 MP: 10/10
  2985 | D:4      | Found an iron altar of Okawaru.
  2986 | D:4      | Found a white marble altar of Elyvilon.
  2988 | D:4      | Found a burning altar of Makhleb.
  2991 | D:4      | Found an opulent altar of Gozag.
  2992 | D:4      | Found a sacrificial altar of Ru.
  2992 | D:4      | Found a snail-covered altar of Cheibriados.
  2992 | D:4      | Found a sparkling altar of Nemelex Xobeh.
  2994 | D:4      | Found a shimmering blue altar of Sif Muna.
  2995 | D:4      | Found a shadowy altar of Dithmenos.
  3013 | D:4      | Became a worshipper of Gozag Ym Sagoz the Greedy
  3058 | D:4      | Noticed Edmund
  3069 | D:4      | Killed Edmund
  3411 | D:4      | Found a sacrificial altar of Ru.
  3463 | D:4      | Reached XP level 8. HP: 56/60 MP: 12/12
  3598 | D:5      | Entered Level 5 of the Dungeon
  3601 | D:5      | Noticed Ijyb
  3613 | D:5      | Killed Ijyb
  3623 | D:5      | Got a pair of ancient gloves
  3629 | D:5      | Identified the cursed +0 pair of gloves "Sofiy" {rN++ Str-3
                  | Dex+4} (You found it on level 5 of the Dungeon)
  3879 | D:5      | Noticed a vampire
  3924 | D:5      | Killed a vampire
  4141 | D:5      | Reached XP level 9. HP: 65/66 MP: 14/14
  4245 | D:5      | HP: 2/66 [bullfrog (10)]
  4253 | D:5      | HP: 3/67 [crimson imp (2)]
  4667 | D:6      | Reached skill level 5 in Fighting
  4667 | D:6      | Reached skill level 5 in Maces & Flails
  4869 | D:6      | Found a staircase to the Ecumenical Temple.
  5446 | D:6      | Noticed Grinder
  5448 | D:6      | Paralysed by Grinder for 3 turns
  5466 | D:6      | Killed Grinder
  5467 | D:6      | Reached skill level 5 in Invocations
  5531 | D:6      | Reached XP level 10. HP: 65/74 MP: 17/17
  5975 | D:7      | Got an ancient ring mail
  5986 | D:7      | Identified the +0 ring mail of Submission {rPois MR+ Dex+3}
                  | (You found it on level 7 of the Dungeon)
  6061 | D:7      | Found Mos Coe's Assorted Antiques.
  6206 | D:7      | Reached skill level 5 in Short Blades
  6206 | D:7      | Reached skill level 5 in Long Blades
  6206 | D:7      | Reached skill level 5 in Axes
  6206 | D:7      | Reached skill level 5 in Polearms
  6206 | D:7      | Reached skill level 5 in Staves
  6206 | D:7      | Reached skill level 5 in Slings
  6206 | D:7      | Reached skill level 5 in Bows
  6206 | D:7      | Reached skill level 5 in Crossbows
  6206 | D:7      | Reached skill level 5 in Throwing
  6206 | D:7      | Reached skill level 5 in Armour
  6206 | D:7      | Reached skill level 5 in Shields
  6206 | D:7      | Reached skill level 5 in Unarmed Combat
  6206 | D:7      | Reached skill level 5 in Spellcasting
  6206 | D:7      | Reached skill level 5 in Evocations
  7104 | D:8      | Found a basalt altar of Yredelemnul.
  7165 | D:8      | Found a hazy altar of Hepliaklqana.
  7432 | D:8      | Found a staircase to the Orcish Mines.
  7567 | D:8      | Killed from afar by an electric eel

Skill      XL: |  1  2  3  4  5  6  7  8  9 10 |
---------------+-------------------------------+-----
Invocations    | 1 2 3 4 5 6 |  6.2
Short Blades   | 1 2 3 4 5 |  5.6
Long Blades    | 1 2 3 4 5 |  5.6
Axes           | 1 2 3 4 5 |  5.6
Polearms       | 1 2 3 4 5 |  5.6
Staves         | 1 2 3 4 5 |  5.6
Slings         | 1 2 3 4 5 |  5.6
Bows           | 1 2 3 4 5 |  5.6
Crossbows      | 1 2 3 4 5 |  5.6
Throwing       | 1 2 3 4 5 |  5.6
Armour         | 1 2 3 4 5 |  5.6
Shields        | 1 2 3 4 5 |  5.6
Unarmed Combat | 1 2 3 4 5 |  5.6
Spellcasting   | 1 2 3 4 5 |  5.6
Evocations     | 1 2 3 4 5 |  5.6
Conjurations   | 1 2 3 4 |  4.6
Hexes          | 1 2 3 4 |  4.6
Charms         | 1 2 3 4 |  4.6
Summonings     | 1 2 3 4 |  4.6
Necromancy     | 1 2 3 4 |  4.6
Translocations | 1 2 3 4 |  4.6
Transmutations | 1 2 3 4 |  4.6
Fire Magic     | 1 2 3 4 |  4.6
Ice Magic      | 1 2 3 4 |  4.6
Air Magic      | 1 2 3 4 |  4.6
Earth Magic    | 1 2 3 4 |  4.6
Poison Magic   | 1 2 3 4 |  4.6
Fighting       | 3 4 5 6 |  6.2
Maces & Flails | 3 4 5 6 |  6.2
Dodging        | 7 8 |  8.7
Stealth        | 7 8 |  8.7

Action                   |  1- 3 |  4- 6 |  7- 9 | 10-12 || total
-------------------------+-------+-------+-------+-------++-------
Melee: Whip              |   194 |   118 |       |       ||   312
       Bite              |    21 |    15 |    24 |    16 ||    76
       Punch             |       |     1 |       |       ||     1
       Flail             |       |    55 |       |       ||    55
       Battleaxe         |       |    15 |   244 |   183 ||   442
 Fire: Blowgun           |       |     6 |       |       ||     6
Throw: Stone             |     7 |     3 |       |       ||    10
       Tomahawk          |       |     8 |    35 |     7 ||    50
Invok: Potion Petition   |       |       |     3 |     2 ||     5
Evoke: Phial of floods   |       |     1 |       |       ||     1
  Use: Scroll            |     4 |     1 |     6 |       ||    11
       Potion            |       |     1 |       |       ||     1
 Stab: Sleeping          |     8 |     2 |     7 |     1 ||    18
       Distracted        |       |     1 |     1 |       ||     2
  Eat: Chunk             |     5 |    11 |     3 |       ||    19
       Ration            |       |       |     5 |     4 ||     9
Armor: Robe              |    46 |     9 |       |       ||    55
       Chain mail        |       |    47 |       |       ||    47
       Leather armour    |       |    28 |    86 |       ||   114
       Ring mail         |       |       |    35 |    80 ||   115
Dodge: Dodged            |   175 |   139 |   340 |   265 ||   919
